 Dungeon Crawl Stone Soup version 0.31-a0-175-g9f7f995f2b (webtiles) character file.

Game seed: 10133599820815845642

1913 qw the Skirmisher (level 9, 0/82 HPs)
             Began as a Naga Hunter on June 16, 2023.
             Was an Initiate of Okawaru.
             Slain by a water moccasin (3 damage)
             ... on level 7 of the Dungeon.
             The game lasted 00:02:22 (6136 turns).

qw the Skirmisher (Naga Hunter)                     Turns: 6136, Time: 00:02:22

Health: 0/82       AC:  6    Str: 19    XL:     9   Next: 16%
Magic:  9/9        EV: 11    Int:  6    God:    Okawaru [......]
Gold:   510        SH:  0    Dex: 19    Spells: 8/8 levels left

rFire   . . .        Y - +0 orcbow
rCold   + . .        (shield currently unavailable)
rNeg    + + +        c - +0 leather armour
rPois   +            (no helmet)
rElec   .            j - +1 cloak
rCorr   .            (no gloves)
SInv    +            (no barding)
Will    ++...        b - amulet of faith
Stlth   ++           e - ring of Rawof {rC+ rN+++ Will+ Str+6 Int-4}
HPRegen 0.33/turn    (no ring)
MPRegen 0.11/turn

%: faith
@: about to teleport, very slow
A: AC +3, large, see invisible, deformed body, poison resistance, slowness 2,
spit poison 1, naga tail 1
a: Spit Poison, Renounce Religion


You were on level 7 of the Dungeon.
You worshipped Okawaru.
Okawaru was noncommittal.
You visited 2 branches of the dungeon, and saw 8 of its levels.

You collected 510 gold pieces.


Innate Abilities, Weirdness & Mutations

Your serpentine skin is tough. (AC +3)
You have supernaturally acute eyesight. (SInv)
Armour fits poorly on your strangely shaped body.
Your system is resistant to poisons. (rPois)
You cover ground very slowly.
You can spit poison.
You have a snake-like lower body.


   Skills:
 - Level 6.1 Fighting
 + Level 9.3 Ranged Weapons
 - Level 1.2 Armour
 - Level 3.2 Dodging
 - Level 1.5 Stealth


You had 8 spell levels left.
You didn't know any spells.
Your spell library was empty.

Inventory:

Hand Weapons
 Y - a +0 orcbow (weapon)
Armour
 c - a +0 leather armour (worn)
 j - a +1 cloak (worn)
Jewellery
 b - an amulet of faith (around neck)
 d - a ring of fire
 e - the ring of Rawof (left hand) {rC+ rN+++ Will+ Str+6 Int-4}
   (You found it on level 2 of the Dungeon)

   [ring of strength]

   Str:       It affects your strength (+6).
   Int:       It affects your intelligence (-4).
   rC:        It protects you from cold.
   rN:        It renders you almost immune to negative energy.
   Will:      It increases your willpower.
Scrolls
 h - 5 scrolls of identify
Potions
 a - 2 potions of curing
 f - 2 potions of haste
 k - a potion of might

Dungeon Overview and Level Annotations

Branches:
Dungeon (7/15)             Temple (1/1) D:7

Altars:
Ashenzari
Cheibriados
Dithmenos
Elyvilon
Fedhas
Hepliaklqana
Kikubaaqudgha
Makhleb
Nemelex Xobeh
Okawaru
Qazlal
Ru
Sif Muna
Trog
Uskayaw
Vehumet
Wu Jian
Xom
Yredelemnul
Zin
The Shining One

Annotations:
D:4 3 runed translucent doors, qw's ghost, amateur GrHu
D:5 3 runed translucent doors, qw's ghost, amateur GrFi


Message History

You feel sick. The wyvern closely misses you.
The water moccasin bites you but does no damage.
The water moccasin bites you. The wyvern barely misses you.
You shoot an arrow. The arrow misses the water moccasin.
You have got your breath back.
You feel sick. The water moccasin closely misses you.
The wyvern barely misses you.
6132 ||| INVOKING Spit Poison.
Aiming: Spit Poison (1% risk of failure)
Press: ? - help, Shift-Dir - straight line, f - wyvern, p - water moccasin The splash of poison hits the wyvern but does no damage.
The wyvern is poisoned.
You feel sick.
The wyvern bites you but does no damage.
The water moccasin bites you!
The wyvern bites you but does no damage.
The water moccasin bites you.
You shoot an arrow.
The arrow barely misses the water moccasin.
Your surroundings seem slightly different.
Found a stone staircase leading down.
You feel sick.
You are no longer poisoned.
Enter note:
Enter note:
Enter note:
Enter note:
Enter note:
Enter note: You shoot an arrow.
The arrow closely misses the water moccasin.
The arrow hits the wyvern but does no damage.
The wyvern is lightly wounded.
You shoot an arrow. The arrow hits the water moccasin.
The water moccasin is severely wounded.
6136 ||| READING scroll of teleportation.
As you read the scroll of teleportation, it crumbles to dust.
You feel strangely unstable.
You have got your breath back.
The water moccasin bites you.
You die...

#.#...........#
..............#
).............#
..............#
..............#
..............###
................#####
....................####
............#...@....>..
#...........#...Sl#####.
########....#.....#
#####......## #..#....#
#..##...# #..##........
#.###........ .<#
#........


You could see a water moccasin and a wyvern (poisoned).

Vanquished Creatures
  A steam dragon (D:6)
  An orc warrior (D:7)
  An ice beast (D:7)
  A sky beast (D:6)
  3 ogres
  A phantom (D:5)
  A kobold brigand (D:7)
  2 bullfrogs
  2 scorpions
  A gnoll sergeant (D:5)
  4 hounds
  3 jellies
  A gnoll bouda (D:5)
  An orc priest (D:6)
  2 orc wizards
  Natasha (thrice) (D:4)
  2 iguanas (D:5)
  9 gnolls
  10 adders
  2 ufetubi
  A worm (D:5)
  2 dart slugs
  12 orcs
  6 bats
  8 endoplasms
  5 giant cockroaches
  10 goblins
  5 hobgoblins
  4 jackals (D:4)
  12 kobolds
  5 quokkas
  5 ball pythons
  3 frilled lizards (D:2)
  2 rats (D:2)
131 creatures vanquished.

Vanquished Creatures (others)
  A scorpion (D:6)
1 creature vanquished.

Grand Total: 132 creatures vanquished

Notes
Turn   | Place    | Note
-------+----------+-------------------------------------------
     0 | D:1      | qw the Naga Hunter began the quest for the Orb.
     0 | D:1      | Reached XP level 1. HP: 19/19 MP: 1/1
     0 | D:1      | 0 ||| qw: Version: 0.2-a-29-g511e9b1
     0 | D:1      | 0 ||| qw: Game counter: 5897
     0 | D:1      | 0 ||| qw: Always use a shield: true
     0 | D:1      | 0 ||| qw: God list: Okawaru
     0 | D:1      | 0 ||| qw: Allow faded altars: false
     0 | D:1      | 0 ||| qw: Do Orc after D:15 true
     0 | D:1      | 0 ||| qw: Do second Lair branch before Depths: true
     0 | D:1      | 0 ||| qw: Lair rune preference: random
     0 | D:1      | 0 ||| qw: Plans: Normal
     0 | D:1      | 0 ||| PLANNING D:1-11
    54 | D:1      | 54 ||| INVOKING Spit Poison.
    60 | D:1      | 60 ||| INVOKING Spit Poison.
    65 | D:1      | 65 ||| INVOKING Spit Poison.
    99 | D:1      | 99 ||| INVOKING Spit Poison.
   105 | D:1      | 105 ||| INVOKING Spit Poison.
   106 | D:1      | Reached skill level 4 in Ranged Weapons
   106 | D:1      | Reached XP level 2. HP: 17/26 MP: 2/2
   185 | D:1      | 185 ||| INVOKING Spit Poison.
   207 | D:1      | 207 ||| INVOKING Spit Poison.
   290 | D:1      | 290 ||| INVOKING Spit Poison.
   298 | D:1      | 298 ||| INVOKING Spit Poison.
   322 | D:1      | 322 ||| INVOKING Spit Poison.
   465 | D:1      | 465 ||| UPGRADING to +0 cloak.
   470 | D:1      | 470 ||| DROPPING ring of magical power.
   471 | D:1      | 471 ||| READING scroll labelled XISHYU JIBUIWKI.
   472 | D:1      | 472 ||| READING scroll labelled YKENGI AHALA.
   473 | D:1      | 473 ||| READING scroll labelled NOZYDA JUUC.
   474 | D:1      | 474 ||| DRINKING 2 sapphire potions.
   521 | D:1      | 521 ||| DROPPING scroll of butterflies.
   522 | D:1      | 522 ||| DROPPING potion of lignification.
   547 | D:2      | 547 ||| INVOKING Spit Poison.
   551 | D:2      | 551 ||| INVOKING Spit Poison.
   553 | D:2      | Reached XP level 3. HP: 32/32 MP: 3/3
   579 | D:2      | 579 ||| INVOKING Spit Poison.
   596 | D:2      | 596 ||| INVOKING Spit Poison.
   614 | D:2      | 614 ||| INVOKING Spit Poison.
   617 | D:2      | 617 ||| INVOKING Spit Poison.
   681 | D:2      | 681 ||| READING scroll of enchant armour.
   681 | D:2      | 681 ||| ENCHANTING +0 cloak.
   704 | D:2      | 704 ||| INVOKING Spit Poison.
   734 | D:2      | 734 ||| INVOKING Spit Poison.
   859 | D:2      | 859 ||| INVOKING Spit Poison.
   879 | D:2      | 879 ||| INVOKING Spit Poison.
   885 | D:2      | Reached skill level 5 in Ranged Weapons
   885 | D:2      | Reached XP level 4. HP: 39/39 MP: 4/4
   894 | D:2      | 894 ||| INVOKING Spit Poison.
   904 | D:2      | Identified the ring of Rawof {rC+ rN+++ Will+ Str+6 Int-4}
   909 | D:2      | 909 ||| INVOKING Spit Poison.
   915 | D:2      | 915 ||| INVOKING Spit Poison.
  1067 | D:2      | 1067 ||| INVOKING Spit Poison.
  1073 | D:2      | 1073 ||| INVOKING Spit Poison.
  1269 | D:2      | 1269 ||| INVOKING Spit Poison.
  1392 | D:2      | 1392 ||| UPGRADING to amulet of faith.
  1397 | D:2      | 1397 ||| UPGRADING to ring of Rawof {rC+ rN+++ Will+ Str+6
                  | Int-4}.
  1398 | D:2      | 1398 ||| READING scroll labelled ICVAIM NYLA.
  1399 | D:2      | 1399 ||| READING scroll labelled ZUXKAO BEOGE.
  1400 | D:2      | 1400 ||| DRINKING 3 bubbling red potions.
  1401 | D:2      | 1401 ||| DRINKING 3 cyan potions.
  1406 | D:3      | 1406 ||| INVOKING Spit Poison.
  1433 | D:3      | 1433 ||| INVOKING Spit Poison.
  1448 | D:3      | 1448 ||| INVOKING Spit Poison.
  1468 | D:3      | 1468 ||| INVOKING Spit Poison.
  1478 | D:3      | 1478 ||| INVOKING Spit Poison.
  1541 | D:3      | 1541 ||| INVOKING Spit Poison.
  1545 | D:3      | 1545 ||| INVOKING Spit Poison.
  1548 | D:3      | 1548 ||| INVOKING Spit Poison.
  1549 | D:3      | Reached skill level 3 in Fighting
  1549 | D:3      | Reached XP level 5. HP: 49/49 MP: 5/5
  1559 | D:3      | 1559 ||| INVOKING Spit Poison.
  1575 | D:3      | 1575 ||| INVOKING Spit Poison.
  1603 | D:3      | 1603 ||| INVOKING Spit Poison.
  1609 | D:3      | 1609 ||| INVOKING Spit Poison.
  1722 | D:3      | 1722 ||| INVOKING Spit Poison.
  1775 | D:3      | 1775 ||| READING scroll labelled DAL NOSSYRPHIF.
  1830 | D:3      | 1830 ||| READING scroll labelled SEALAS GEOLES.
  1831 | D:3      | 1831 ||| DRINKING 2 green potions.
  1832 | D:3      | 1832 ||| DROPPING potion of invisibility.
  1847 | D:4      | Noticed qw's ghost (amateur GrHu)
  1893 | D:4      | 1893 ||| FLEEEEING.
  1894 | D:4      | 1894 ||| FLEEEEING.
  1895 | D:4      | 1895 ||| FLEEEEING.
  1896 | D:4      | 1896 ||| FLEEEEING.
  1897 | D:4      | 1897 ||| FLEEEEING.
  1898 | D:4      | 1898 ||| FLEEEEING.
  1904 | D:4      | 1904 ||| FLEEEEING.
  1906 | D:4      | 1906 ||| FLEEEEING.
  1907 | D:4      | 1907 ||| FLEEEEING.
  1908 | D:4      | 1908 ||| FLEEEEING.
  1919 | D:4      | 1919 ||| FLEEEEING.
  1920 | D:4      | 1920 ||| FLEEEEING.
  1921 | D:4      | 1921 ||| FLEEEEING.
  1922 | D:4      | 1922 ||| STAIRDANCE
  1940 | D:4      | 1940 ||| INVOKING Spit Poison.
  1961 | D:4      | Found a runed translucent gate.
  1961 | D:4      | Found a runed translucent gate.
  1961 | D:4      | Found a runed translucent gate.
  1972 | D:4      | 1972 ||| INVOKING Spit Poison.
  2022 | D:4      | 2022 ||| UPGRADING to +0 orcbow.
  2023 | D:4      | 2023 ||| DROPPING +0 shortbow.
  2030 | D:4      | 2030 ||| INVOKING Spit Poison.
  2064 | D:4      | Noticed Natasha
  2067 | D:4      | 2067 ||| INVOKING Spit Poison.
  2071 | D:4      | 2071 ||| INVOKING Spit Poison.
  2076 | D:4      | Killed Natasha
  2077 | D:4      | 2077 ||| INVOKING Spit Poison.
  2079 | D:4      | HP: 10/49 [jackal (3)]
  2082 | D:4      | 2082 ||| INVOKING Spit Poison.
  2085 | D:4      | 2085 ||| INVOKING Spit Poison.
  2239 | D:4      | Noticed Natasha
  2268 | D:4      | 2268 ||| INVOKING Spit Poison.
  2271 | D:4      | Reached skill level 6 in Ranged Weapons
  2271 | D:4      | Reached XP level 6. HP: 56/56 MP: 6/6
  2293 | D:4      | 2293 ||| INVOKING Spit Poison.
  2299 | D:4      | Found a snail-covered altar of Cheibriados.
  2332 | D:4      | Identified the +9 mace of Charity {heavy, rC+ Str-5 Int+3}
  2351 | D:4      | 2351 ||| INVOKING Spit Poison.
  2352 | D:4      | 2352 ||| Stepping ~*~*~tactically~*~*~ (outnumbered).
  2353 | D:4      | Killed Natasha
  2393 | D:4      | Noticed Natasha
  2395 | D:4      | Killed Natasha
  2491 | D:4      | 2491 ||| INVOKING Spit Poison.
  2496 | D:4      | 2496 ||| INVOKING Spit Poison.
  2501 | D:4      | 2501 ||| INVOKING Spit Poison.
  2867 | D:4      | 2867 ||| DRINKING 4 amethyst potions.
  2868 | D:4      | 2868 ||| DROPPING 3 potions of enlightenment.
  2893 | D:5      | Entered Level 5 of the Dungeon
  2903 | D:5      | 2903 ||| INVOKING Spit Poison.
  2907 | D:5      | 2907 ||| INVOKING Spit Poison.
  2913 | D:5      | 2913 ||| INVOKING Spit Poison.
  2933 | D:5      | 2933 ||| INVOKING Spit Poison.
  2938 | D:5      | 2938 ||| INVOKING Spit Poison.
  2941 | D:5      | 2941 ||| INVOKING Spit Poison.
  2944 | D:5      | 2944 ||| INVOKING Spit Poison.
  2947 | D:5      | 2947 ||| INVOKING Spit Poison.
  2949 | D:5      | HP: 14/57 [iguana (5)]
  2952 | D:5      | Reached XP level 7. HP: 16/64 MP: 7/7
  3115 | D:5      | Found a runed translucent gate.
  3115 | D:5      | Found a runed translucent gate.
  3115 | D:5      | Found a runed translucent gate.
  3119 | D:5      | Noticed qw's ghost (amateur GrFi)
  3169 | D:5      | Found a radiant altar of Vehumet.
  3196 | D:5      | 3196 ||| Stepping ~*~*~tactically~*~*~ (outnumbered).
  3197 | D:5      | 3197 ||| INVOKING Spit Poison.
  3203 | D:5      | 3203 ||| INVOKING Spit Poison.
  3207 | D:5      | 3207 ||| INVOKING Spit Poison.
  3213 | D:5      | 3213 ||| INVOKING Spit Poison.
  3216 | D:5      | 3216 ||| INVOKING Spit Poison.
  3222 | D:5      | 3222 ||| INVOKING Spit Poison.
  3367 | D:5      | Reached skill level 7 in Ranged Weapons
  3490 | D:5      | 3490 ||| INVOKING Spit Poison.
  3493 | D:5      | 3493 ||| INVOKING Spit Poison.
  3519 | D:5      | 3519 ||| INVOKING Spit Poison.
  3523 | D:5      | 3523 ||| INVOKING Spit Poison.
  3599 | D:5      | 3599 ||| Stepping ~*~*~tactically~*~*~ (outnumbered).
  3600 | D:5      | 3600 ||| INVOKING Spit Poison.
  3751 | D:5      | 3751 ||| INVOKING Spit Poison.
  3930 | D:5      | 3930 ||| READING scroll labelled PYIRUFR QIAD.
  3950 | D:5      | 3950 ||| READING 4 scrolls of identify.
  3950 | D:5      | 3950 ||| IDENTIFYING black potion
  3988 | D:6      | Found a broken altar of Ashenzari.
  4028 | D:6      | Reached XP level 8. HP: 72/72 MP: 8/8
  4032 | D:6      | 4032 ||| INVOKING Spit Poison.
  4037 | D:6      | Reached skill level 8 in Ranged Weapons
  4231 | D:6      | 4231 ||| INVOKING Spit Poison.
  4235 | D:6      | 4235 ||| INVOKING Spit Poison.
  4294 | D:6      | 4294 ||| INVOKING Spit Poison.
  4301 | D:6      | 4301 ||| INVOKING Spit Poison.
  4345 | D:6      | 4345 ||| INVOKING Spit Poison.
  4351 | D:6      | 4351 ||| INVOKING Spit Poison.
  4468 | D:6      | Found a hazy altar of Hepliaklqana.
  4468 | D:6      | Found a faded altar of an unknown god.
  4475 | D:6      | Found a shimmering altar of Xom.
  4477 | D:6      | Found a faded altar of an unknown god.
  4479 | D:6      | Found a basalt altar of Yredelemnul.
  4516 | D:6      | 4516 ||| INVOKING Spit Poison.
  4520 | D:6      | 4520 ||| INVOKING Spit Poison.
  4547 | D:6      | 4547 ||| INVOKING Spit Poison.
  4554 | D:6      | 4554 ||| INVOKING Spit Poison.
  4576 | D:6      | 4576 ||| INVOKING Spit Poison.
  4579 | D:6      | 4579 ||| INVOKING Spit Poison.
  4601 | D:6      | 4601 ||| INVOKING Spit Poison.
  4606 | D:6      | 4606 ||| INVOKING Spit Poison.
  4702 | D:6      | 4702 ||| INVOKING Spit Poison.
  4706 | D:6      | 4706 ||| INVOKING Spit Poison.
  4710 | D:6      | Reached skill level 9 in Ranged Weapons
  4711 | D:6      | 4711 ||| Stepping ~*~*~tactically~*~*~ (cloud).
  4834 | D:6      | 4834 ||| INVOKING Spit Poison.
  4837 | D:6      | 4837 ||| INVOKING Spit Poison.
  4840 | D:6      | Reached skill level 1 in Armour
  5140 | D:6      | 5140 ||| INVOKING Spit Poison.
  5143 | D:6      | 5143 ||| INVOKING Spit Poison.
  5222 | D:6      | 5222 ||| READING scroll labelled VORIACHIARY.
  5223 | D:6      | 5223 ||| READING scroll labelled NYMPUYSCHUIWN.
  5224 | D:6      | 5224 ||| READING scroll labelled HIPOOD GUSM.
  5302 | D:7      | 5302 ||| INVOKING Spit Poison.
  5305 | D:7      | 5305 ||| INVOKING Spit Poison.
  5308 | D:7      | 5308 ||| INVOKING Spit Poison.
  5313 | D:7      | 5313 ||| INVOKING Spit Poison.
  5317 | D:7      | 5317 ||| INVOKING Spit Poison.
  5318 | D:7      | Reached skill level 3 in Dodging
  5387 | D:7      | 5387 ||| INVOKING Spit Poison.
  5390 | D:7      | Reached XP level 9. HP: 81/81 MP: 9/9
  5654 | D:7      | 5654 ||| INVOKING Spit Poison.
  5658 | D:7      | Reached skill level 6 in Fighting
  5658 | D:7      | Found a staircase to the Ecumenical Temple.
  5659 | D:7      | 5659 ||| PLANNING TEMPLE
  5667 | Temple   | Entered the Ecumenical Temple
  5731 | Temple   | 5731 ||| PLANNING OKAWARU WORSHIP
  5813 | Temple   | Became a worshipper of Warmaster Okawaru
  5814 | Temple   | 5814 ||| PLANNING D:1-11
  5855 | D:7      | 5855 ||| INVOKING Spit Poison.
  5859 | D:7      | 5859 ||| INVOKING Spit Poison.
  5865 | D:7      | 5865 ||| INVOKING Spit Poison.
  5867 | D:7      | HP: 15/82 [orc warrior/+0 dire flail (7)]
  5868 | D:7      | 5868 ||| READING 3 scrolls of teleportation.
  5907 | D:7      | 5907 ||| INVOKING Spit Poison.
  5914 | D:7      | 5914 ||| INVOKING Spit Poison.
  6125 | D:7      | 6125 ||| INVOKING Spit Poison.
  6128 | D:7      | 6128 ||| INVOKING Spit Poison.
  6129 | D:7      | HP: 20/82 [wyvern (1)]
  6130 | D:7      | 6130 ||| READING 2 scrolls of teleportation.
  6132 | D:7      | 6132 ||| INVOKING Spit Poison.
  6132 | D:7      | HP: 4/82 [water moccasin (7)]
  6136 | D:7      | 6136 ||| READING scroll of teleportation.
  6136 | D:7      | Slain by a water moccasin

Levels and vault maps discovered:
D:1:      dpeg_arrival_stone_temple_mockup, layout_rooms
D:2:      layout_loops_corners, minmay_misc_feat_plants, serial_bayou_pond_e,
          minmay_misc_feat_enclosed, amcnicky_mini_rare_corridor_liquid
D:3:      layout_rooms
D:4:      layout_basic, lemuel_tele_altar, serial_bayou, serial_bayou_pond_e,
          serial_bayou_shore_a, serial_bayou_lake_a, serial_bayou_pond_a,
          gammafunk_ghost_icy, uniq_natasha
D:5:      layout_gridville, mainiacjoe_overflow_tiny_flanked,
          gammafunk_ghost_split
D:6:      layout_basic, chequers_temple_overflow_minitemple,
          ashenzari_conservatory_becter, hangedman_decor_push
D:7:      layout_cave_pods, minmay_temple_entry_glass, hangedman_decor_growths
Temple:   nicolae_temple_superstar

Skill      XL: |  1  2  3  4  5  6  7  8  9 |
---------------+----------------------------+-----
Ranged Weapons | 4 5 6 7 9 |  9.3
Fighting       | 3 4 5 6 |  6.1
Dodging        | 2 3 |  3.2
Armour         | 1 |  1.2
Stealth        | |  1.5

Action                     |  1- 3 |  4- 6 |  7- 9 || total
---------------------------+-------+-------+-------++-------
   Fire: Shortbow          |    66 |    64 |       ||   130
         Orcbow            |       |    58 |   189 ||   247
Ability: Spit Poison       |    20 |    41 |    48 ||   109
    Use: Scroll            |     4 |     4 |     8 ||    16
         Potion            |     1 |     4 |       ||     5
 Armour: Leather armour    |     9 |    35 |    53 ||    97
  Dodge: Dodged            |     5 |    36 |    92 ||   133

Table legend:
 A = Non-vault XP
 B = Vault XP
 C = Vault XP percentage of total XP
 D = Non-vault monster count
 E = Vault monster count
 F = Vault count percentage of total count
                 A         B        C        D         E       F
            +---------+---------+-------+---------+---------+-------
      Total |    2699 |      35 |   1.3 |     131 |       1 |   0.8
            +---------+---------+-------+---------+---------+-------
        D:1 |      31 |       0 |   0.0 |      16 |       0 |   0.0
        D:2 |     104 |       0 |   0.0 |      28 |       0 |   0.0
        D:3 |      91 |       0 |   0.0 |      16 |       0 |   0.0
        D:4 |     196 |      35 |  15.2 |      17 |       1 |   5.6
        D:5 |     730 |       0 |   0.0 |      23 |       0 |   0.0
        D:6 |     987 |       0 |   0.0 |      17 |       0 |   0.0
        D:7 |     560 |       0 |   0.0 |      14 |       0 |   0.0
            +---------+---------+-------+---------+---------+-------
